 Dungeon Crawl Stone Soup version 0.17-a0-877-ga10078a (webtiles) character file.

164 hornqvist the Shield-Bearer (level 5, -3/41 HPs)
             Began as a Formicid Fighter on Apr 30, 2015.
             Slain by Crazy Yiuf
             ... wielding a +3 quarterstaff of chaos
              (15 damage)
             ... on level 3 of the Dungeon.
             The game lasted 00:02:27 (2226 turns).

hornqvist the Shield-Bearer (Formicid Fighter)      Turns: 2226, Time: 00:02:27

Health: -3/41      AC:  9    Str: 25 (27) XL:     5   Next: 73%
Magic:  0/5        EV:  7    Int:  7      God:
Gold:   92         SH: 10    Dex: 10      Spells: 0 memorised, 4 levels left

rFire  . . .     SeeInvis +     a - +0 war axe
rCold  . . .     Clarity  .     h - +0 chain mail
rNeg   . . .     SustAb   .     c - +0 shield
rPois  .         Gourm    .     (helmet unavailable)
rElec  .         Spirit   .     (no cloak)
rCorr  .         Warding  .     (no gloves)
rMut   .         Stasis   +     (no boots)
MR     .....                    (no amulet)
Stlth  ..........               (no ring)
                                (no ring)

@: mighty, not resistant to hostile enchantments, extremely unstealthy
A: permanent stasis, dig shafts and tunnels, four strong arms, antennae 3
a: Dig, Shaft Self


You were on level 3 of the Dungeon.
You were not hungry.

You visited 1 branch of the dungeon, and saw 3 of its levels.

You collected 92 gold pieces.

Inventory:

Hand weapons
 a - a +0 war axe (weapon)
Armour
 b - a +0 scale mail
 c - a +0 shield (worn)
 h - a +0 chain mail (worn)
Scrolls
 f - 3 scrolls of recharging {unknown}
 g - a scroll of amnesia {unknown}
 i - a scroll of immolation {unknown}
 j - 2 scrolls of identify {unknown}
 k - a scroll of blinking {unknown}
 l - 2 scrolls of teleportation {unknown}
Potions
 d - a potion of might
 o - a potion of mutation {unknown}
Books
 n - an Akashic Record {highlevel, unknown}

   This book is beyond your current level of understanding.

   Spells                             Type                      Level
   a - Dispersal                      Translocation                6
   b - Controlled Blink               Translocation                7
   c - Malign Gateway                 Summoning/Translocation      7
   d - Disjunction                    Translocation                8
   e - Singularity                    Translocation                9
Comestibles
 e - a bread ration
 m - a beef jerky
 p - 4 chunks of flesh


   Skills:
 - Level 3.2 Fighting
 * Level 4.3 Axes
 - Level 3.2 Armour
 + Level 1.8 Dodging
 + Level 4.6 Shields


You had 4 spell levels left.
You didn't know any spells.

Dungeon Overview and Level Annotations

Branches:
Dungeon (3/15)

Altars:
Cheibriados
Fedhas
Zin

Annotations:
D:3 Crazy Yiuf


Innate Abilities, Weirdness & Mutations

You are under a permanent stasis effect.
You can dig through walls and to a lower floor.
Your four strong arms can wield two-handed weapons with a shield.
You have a pair of large antennae on your head (SInv).


Message History

Crazy Yiuf hits you but does no damage.
You are electrocuted!
* * * LOW HITPOINT WARNING * * *
You take 29 damage, and have 12/41 hp.
MASSIVE DAMAGE!!
You now have 0/5 mp.
You are too injured to fight recklessly!
You are too injured to fight recklessly!
You are too injured to fight recklessly!
You are too injured to fight recklessly!
You are too injured to fight recklessly!
You are too injured to fight recklessly!
You are too injured to fight recklessly!
Drink which item? (? for menu, Esc to quit)
You feel very mighty all of a sudden.
Crazy Yiuf yells, "Cholesterol cloud sallow!"
Crazy Yiuf hits you but does no damage.
You hit Crazy Yiuf.
Crazy Yiuf drinks a potion.
Crazy Yiuf seems to grow stronger.
You hit Crazy Yiuf. Crazy Yiuf barely misses you.
You closely miss Crazy Yiuf.
Crazy Yiuf hits you with a quarterstaff of chaos!
You die...

#.....#####
#.###....). #.#
#..#### #####......
####### #.##......
#.....# #......###
#.#..###♣♣ ###
#.####.# #.##..#..♣♣
♣♣#..)# #......#
#>##......♣♣♣♣@g...#
########
#.###......♣..♣#...#
#.# ###...♣.♣♣♣ ###
#.######♣♣♣♣♣ #.##..
#.##.# ########
#.##.#
##.##.#.#########
#.##.#
#.....#.<.....÷.#
#.##.#
##.##.#.#######.###


You could see Crazy Yiuf.

Vanquished Creatures
  A crimson imp (D:3)
  Jessica (D:3)
  4 adders
  An ooze (D:3)
  A worm (D:2)
  5 giant geckos
  2 bats
  6 giant cockroaches
  6 hobgoblins
  4 jackals (D:2)
  3 quokkas
  2 giant newts
  11 goblins
  11 kobolds
  4 rats
62 creatures vanquished.

Notes
Turn   | Place    | Note
--------------------------------------------------------------
     0 | D:1      | hornqvist, the Formicid Fighter, began the quest for the Orb.
     0 | D:1      | Reached XP level 1. HP: 18/18 MP: 1/1
    74 | D:1      | Reached XP level 2. HP: 17/24 MP: 2/2
   419 | D:2      | Reached XP level 3. HP: 29/29 MP: 3/3
   464 | D:2      | Found a snail-covered altar of Cheibriados.
   483 | D:2      | Found a blossoming altar of Fedhas.
   839 | D:2      | Reached skill level 1 in Dodging
   839 | D:2      | Reached skill level 4 in Shields
  1052 | D:2      | Reached XP level 4. HP: 30/35 MP: 4/4
  1708 | D:3      | Found a glowing silver altar of Zin.
  1976 | D:3      | Noticed Jessica
  1982 | D:3      | Killed Jessica
  1982 | D:3      | Reached XP level 5. HP: 33/41 MP: 5/5
  2219 | D:3      | Noticed Crazy Yiuf
  2226 | D:3      | Slain by Crazy Yiuf

Action                   |  1- 3 |  4- 6 || total
-------------------------+-------+-------++-------
Melee: War axe           |   101 |   133 ||   234
  Use: Potion            |     2 |     1 ||     3
  Eat: Chunk             |       |     5 ||     5
